 Seeded DCSS version 0.31-a0-1300-gb6740aa4e6 (webtiles) character file.

Game seed: 1 (custom seed)

5067 gelatine the Chopper (level 10, -12/76 HPs)
             Began as a Demonspawn Fighter on Dec 19, 2023.
             Mangled by a white ugly thing (25 damage)
             ... on level 8 of the Dungeon.
             The game lasted 00:21:43 (9420 turns).

gelatine the Chopper (Demonspawn Fighter)           Turns: 9420, Time: 00:21:45

Health: -12/76     AC: 10    Str: 18 (21) XL:     10   Next: 31%
Magic:  13/13      EV: 12    Int:  5 (8)  God:
Gold:   398        SH:  7    Dex: 12 (13) Spells: 12/14 levels left

rFire   + . .        m - +4 hand axe
rCold   . . .        V - +2 buckler {AC+3}
rNeg    . . .        L - +0 acid dragon scales
rPois   .            v - melded +0 helmet
rElec   .            J - melded +1 cloak
rCorr   +            s - melded +1 pair of gloves
SInv    .            (boots unavailable)
Will    +....        (no amulet)
Stlth   +            f - ring of willpower
HPRegen 0.32/turn    g - ring of protection from fire
MPRegen 0.13/turn

%: no passive effects
@: about to teleport, beast-form
A: beast (slay +1), hooves 3, demonic guardian 2, ignite blood 2
a: Begin Untransformation


You were on level 8 of the Dungeon.
You were a hulking beast.
You visited 2 branches of the dungeon, and saw 9 of its levels.

You collected 398 gold pieces.

Inventory:

Hand Weapons
 a - a +1 war axe
 m - a +4 hand axe (weapon)
 K - a +4 quarterstaff of chaos
 Q - a +2 hand axe of electrocution
Missiles
 N - a throwing net
Armour
 c - a +0 buckler
 h - a +2 robe of willpower
 j - a +0 robe of fire resistance
 s - a +1 pair of gloves (melded)
 v - a +0 helmet (melded)
 J - a +1 cloak (melded)
 L - +0 acid dragon scales (worn)
 T - a +2 cloak of stealth
 V - a +2 buckler of protection (worn)
Jewellery
 f - a ring of willpower (left hand)
 g - a ring of protection from fire (right hand)
 t - a ring of magical power
 B - a ring of fire
 E - a ring of ice
 P - an amulet of faith
 S - a ring of protection from fire
 U - a ring of ice
Talismans
 b - a blade talisman
 C - a beast talisman (active)
Wands
 I - a wand of mindburst (8)
 O - a wand of flame (12) (quivered)
Scrolls
 e - 2 scrolls of enchant weapon
 i - a scroll of torment {unknown}
 k - a scroll of noise
 l - a scroll of blinking {unknown}
 n - 2 scrolls of fear
 p - 5 scrolls of teleportation
 q - a scroll of revelation
 x - a scroll of poison {unknown}
 y - a scroll of immolation
 F - a scroll of summoning {unknown}
 G - a scroll of acquirement {unknown}
 R - a scroll of fog {unknown}
Potions
 d - 4 potions of might
 o - a potion of attraction
 r - 4 potions of degeneration
 u - a potion of haste
 w - a potion of resistance
 z - a potion of cancellation {unknown}
 A - 2 potions of invisibility {unknown}
 D - 2 potions of brilliance {unknown}
 H - a potion of curing
 M - a potion of berserk rage {unknown}


   Skills:
 * Level 6.2 Fighting
 * Level 6.6 Axes
 + Level 3.2 Throwing
 * Level 6.1 Armour
 * Level 3.9 Dodging
 + Level 1.2 Stealth
 * Level 5.2 Shields
 * Level 2.5 Spellcasting
 * Level 2.1 Conjurations
 * Level 2.2 Air Magic
 * Level 3.2 Evocations
 * Level 3.4 Shapeshifting


You had 12 spell levels left.
You knew the following spells:

 Your Spells              Type           Power      Damage    Failure   Level
a - Static Discharge      Conj/Air       4%         3-4/arc   38%         2

Your spell library contained the following spells:

 Spells                   Type           Power      Damage    Failure   Level
 Gell's Gravitas          Tloc           0%         N/A       90%         3
 Teleport Other           Tloc           0%         N/A       90%         3
 Airstrike                Air            1%         2d(1-17)  95%         4
 Summon Lightning Spire   Summ/Air       1%         N/A       99%         4
 Dispersal                Tloc           0%         N/A       100%        6


Dungeon Overview and Level Annotations

Branches:
Dungeon (8/15)             Temple (1/1) D:7
   Lair: D:8-11

Altars:
Ashenzari
Cheibriados
Dithmenos
Fedhas
Gozag
Hepliaklqana
Kikubaaqudgha
Makhleb
Nemelex Xobeh
Okawaru
Qazlal
Ru
Sif Muna
Trog
Uskayaw
Vehumet
Wu Jian
Xom
Yredelemnul

Annotations:
D:6 1 runed translucent door, DoNotCum's ghost, novice DECj


Innate Abilities, Weirdness & Mutations

You are a hulking beast.
Your limbs bulge with bestial killing power. (Slay +1)
You have hooves in place of feet.
A demonic guardian rushes to your aid.
Your demonic aura often causes spilled blood to erupt in flames.


Message History

You are a hulking beast.
Your movement speed is average.
Your attack delay is about 1.0.
Your damage rating with your +4 hand axe is about 15 (Base 7 x 120% (Str) x 124% (Skill) + 5 (Ench + Slay)).
Your base attributes are Str 21, Int 8, Dex 13.
Unknown command.
Aiming: Throw Flame
Press: ? - help, Q - select action, (/) - cycle Shift-Dir - straight line, f - white ugly thing
Aim: a white ugly thing (wandering, hasn't noticed you, 71% to hit)
The puff of flame misses the white ugly thing.
A manticore comes into view.
The puff of flame hits the white ugly thing.
The white ugly thing is lightly wounded.
You hit the white ugly thing but do no damage.
Your kick misses the white ugly thing.
The white ugly thing is lightly wounded.
The manticore flicks its tail.
You block the volley of spikes. The white ugly thing bites you.
The white ugly thing freezes you!!
You hear a horrible gurgling sound!
You barely miss the white ugly thing. Your kick misses the white ugly thing.
The white ugly thing is lightly wounded.
You hear a bellow!
The white ugly thing misses you.
Unknown command.
You closely miss the white ugly thing.
The white ugly thing is lightly wounded.
The manticore flicks its tail.
The volley of spikes hits you but does no damage.
The white ugly thing bites you. The white ugly thing freezes you!!
* * * LOW HITPOINT WARNING * * *
A demonic guardian appears!
A red ugly thing comes into view.
Unknown command.
As you read the scroll of teleportation, it crumbles to dust.
You feel strangely unstable.
The manticore flicks its tail.
The volley of spikes misses you. The white ugly thing bites you.
* * * LOW HITPOINT WARNING * * *
The white ugly thing freezes you!!
You die...

..##..#.#..##.##...#
#.##.).#...######..
#..##..#....# ....
#..##.#...## ..
#..###..## #..
##.....## #.
#.....## ##
##..#..### #
#..###h.# .#
#....u#.# #.
#...##.##4....# #.#
# #H$ .#..u# #.#
..?# .##.#.# # #.#.[
.# ## . ...##H ..
##. .. #. # ##


You could see 2 ugly things, a manticore and a friendly ice devil (summoned).

Vanquished Creatures
  A two-headed ogre (D:8)
  Pikel (D:6)
  Maurice (D:8)
  Grinder (D:3)
  A vampire mosquito (D:8)
  2 steam dragons (D:8)
  A water moccasin (D:7)
  A black bear (D:5)
  An ogre (D:6)
  2 centaurs
  2 lemures (D:6)
  2 kobold brigands
  2 bullfrogs
  2 scorpions (D:5)
  8 wights
  3 killer bees (D:8)
  2 hounds
  3 jellies
  4 orc priests
  Crazy Yiuf (D:4)
  A sleepcap (D:7)
  Jessica (D:2)
  4 iguanas
  7 orc wizards
  A mummy (D:4)
  9 adders
  13 gnolls
  A shadow imp (D:5)
  4 white imps
  A worm (D:3)
  A dart slug (D:1)
  32 orcs
  6 endoplasms
  2 giant cockroaches (D:1)
  15 goblins
  6 hobgoblins
  5 jackals
  11 kobolds
  A quokka (D:2)
  3 ball pythons
  7 bats
  3 frilled lizards
  3 hobgoblin zombies (D:4)
  An orc zombie (D:4)
  10 rats
189 creatures vanquished.

Vanquished Creatures (collateral kills)
  Jeremiah (D:6)
  A steam dragon (D:8)
  An acid dragon (D:8)
  A kobold brigand (D:8)
  A wight (D:8)
  Robin (D:3)
  A gnoll (D:7)
  2 orcs (D:5)
  2 hobgoblins (D:3)
11 creatures vanquished.

Vanquished Creatures (others)
  A howler monkey (D:8)
1 creature vanquished.

Grand Total: 201 creatures vanquished

Notes
Turn   | Place    | Note
-------+----------+-------------------------------------------
     0 | D:1      | gelatine the Demonspawn Fighter began the quest for the
                  | Orb.
     0 | D:1      | Reached XP level 1. HP: 18/18 MP: 1/1
   279 | D:1      | Gained mutation: Your demonic aura sometimes causes spilled
                  | blood to erupt in flames. [demonic ancestry]
   279 | D:1      | Reached XP level 2. HP: 24/24 MP: 2/2
   839 | D:2      | Gained mutation: Your demonic aura often causes spilled
                  | blood to erupt in flames. [demonic ancestry]
   839 | D:2      | Reached XP level 3. HP: 27/29 MP: 3/3
  1050 | D:2      | Found a faded altar of an unknown god.
  1351 | D:2      | Noticed Jessica
  1357 | D:2      | Killed Jessica
  1358 | D:2      | Gained mutation: A weak demonic guardian rushes to your
                  | aid. [demonic ancestry]
  1358 | D:2      | Reached XP level 4. HP: 35/35 MP: 4/4
  1431 | D:3      | You fall into a shaft and drop 1 floor!
  1698 | D:3      | Noticed Robin
  1712 | D:3      | Reached skill level 1 in Dodging
  1724 | D:3      | Killed Robin
  1883 | D:3      | Reached XP level 5. HP: 42/42 MP: 5/5
  2457 | D:3      | Noticed Grinder
  2648 | D:3      | Killed Grinder
  2649 | D:3      | Gained mutation: You have large cloven feet. [demonic
                  | ancestry]
  2649 | D:3      | Reached XP level 6. HP: 36/48 MP: 6/6
  3168 | D:4      | Reached skill level 1 in Shapeshifting
  3326 | D:4      | Found a hazy altar of Hepliaklqana.
  3749 | D:4      | Found a runed translucent door.
  3750 | D:4      | Noticed Crazy Yiuf
  4201 | D:4      | Killed Crazy Yiuf
  4202 | D:4      | Gained mutation: You have hoof-like feet. [demonic
                  | ancestry]
  4202 | D:4      | Reached XP level 7. HP: 54/54 MP: 7/7
  4246 | D:5      | Entered Level 5 of the Dungeon
  5117 | D:5      | Reached skill level 5 in Fighting
  5124 | D:5      | Gained mutation: A demonic guardian rushes to your aid.
                  | [demonic ancestry]
  5124 | D:5      | Reached XP level 8. HP: 54/62 MP: 8/8
  5610 | D:6      | Found a runed translucent door.
  5619 | D:6      | Noticed Jeremiah
  5620 | D:6      | Noticed Pikel
  5663 | D:6      | Killed Pikel
  5664 | D:6      | Reached skill level 1 in Throwing
  5664 | D:6      | Reached skill level 5 in Armour
  5664 | D:6      | Reached skill level 1 in Stealth
  6007 | D:6      | Killed Jeremiah
  6130 | D:6      | Reached skill level 5 in Axes
  6186 | D:6      | Noticed DoNotCum's ghost (novice DECj)
  6311 | D:6      | Learned a level 2 spell: Static Discharge
  6342 | D:7      | Found a hide-covered altar of Uskayaw.
  6349 | D:7      | Reached XP level 9. HP: 60/68 MP: 9/9
  6681 | D:7      | Found a staircase to the Ecumenical Temple.
  6691 | Temple   | Entered the Ecumenical Temple
  6874 | D:7      | Reached skill level 5 in Shields
  7121 | D:7      | Reached skill level 1 in Conjurations
  7284 | D:7      | Reached skill level 1 in Spellcasting
  7287 | D:7      | Reached skill level 1 in Evocations
  8000 | D:7      | Reached skill level 1 in Air Magic
  8188 | D:8      | Noticed a two-headed ogre
  8197 | D:8      | Killed a two-headed ogre
  8396 | D:8      | HP: 3/63 [wight/+4 trident (8)]
  8747 | D:8      | Gained mutation: You have hooves in place of feet. [demonic
                  | ancestry]
  8747 | D:8      | Reached XP level 10. HP: 38/72 MP: 13/13
  9046 | D:8      | HP: 3/76 [killer bee (8)]
  9240 | D:8      | Noticed a cyclops
  9247 | D:8      | Noticed Maurice
  9260 | D:8      | Maurice stole a ring of protection from fire
  9261 | D:8      | Maurice stole 103 gold
  9263 | D:8      | Killed Maurice
  9413 | D:8      | Noticed a white ugly thing
  9414 | D:8      | Noticed a manticore
  9419 | D:8      | Noticed a red ugly thing
  9420 | D:8      | Mangled by a white ugly thing

Illustrated notes

Levels and vault maps discovered:
D:1:      zelgadis_glass_arrival_small, layout_loops_cross
D:2:      layout_loops_ring, ebering_ecumenical_altar_box, uniq_jessica
D:3:      layout_basic, uniq_robin, uniq_grinder
D:4:      layout_layer_cave, lemuel_coloured_pillars_altar, minmay_mini_ossuary,
          uniq_crazy_yiuf_cottage
D:5:      layout_layer_cave, hex_medium
D:6:      layout_rooms, ebering_ghost_reflecting_pool, uniq_jeremiah, uniq_pikel
D:7:      layout_basic, nicolae_uskayaw_dance_hall,
          mainiacjoe_overflow_alcove_2, minmay_temple_entry_statues_pillars,
          hangedman_decor_growths
D:8:      minmay_the_grid_octo_triangle [minmay_the_grid_octo_focus,
          minmay_the_grid_octo_prize_big_c, minmay_the_grid_octo_77],
          layout_basic, worms_lemuel, uniq_maurice
Temple:   nicolae_temple_bog_church

Skill      XL: |  1  2  3  4  5  6  7  8  9 10 |
---------------+-------------------------------+-----
Armour         | 3 4 5 6 |  6.1
Axes           | 2 3 4 5 6 |  6.6
Shields        | 3 4 5 |  5.2
Dodging        | 1 2 3 |  3.9
Fighting       | 4 5 6 |  6.2
Shapeshifting  | 1 2 3 |  3.4
Throwing       | 2 3 |  3.2
Stealth        | 1 |  1.2
Conjurations   | 1 2 |  2.1
Spellcasting   | 2 |  2.5
Evocations     | 1 3 |  3.2
Air Magic      | 1 2 |  2.2

Action                     |  1- 3 |  4- 6 |  7- 9 | 10-12 || total
---------------------------+-------+-------+-------+-------++-------
  Melee: War axe           |    53 |       |       |       ||    53
         Hand axe          |    57 |   150 |   201 |    54 ||   462
         Kick              |       |    15 |    70 |    10 ||    95
  Throw: Boomerang         |       |       |    85 |       ||    85
         Throwing net      |       |       |     2 |       ||     2
  Evoke: Wand              |       |       |       |     5 ||     5
    Use: Scroll            |       |       |    12 |     1 ||    13
         Potion            |       |       |       |     3 ||     3
 Armour: Ring mail         |    75 |   100 |    61 |       ||   236
         Scale mail        |     3 |       |       |       ||     3
         Robe              |       |       |    87 |    30 ||   117
         Acid dragon scale |       |       |       |    10 ||    10
  Dodge: Dodged            |    63 |    59 |   100 |    32 ||   254
  Block: Buckler           |    36 |    24 |    47 |    17 ||   124
   Form: Beast             |       |       |     1 |       ||     1

Table legend: (Time is in decaauts)
 A = Elapsed time spent in this place.
 B = Non-inter-level travel time spent in this place.
 C = Inter-level travel time spent in this place.
 D = Time resting spent in this place.
 E = Time spent auto-exploring this place.
 F = Levels seen in this place.
 G = Mean time per level.
                   A        B        C        D        E       F      G
               +--------+--------+--------+--------+--------+-----+--------+
         Total |   9528 |   9280 |    248 |      0 |   7521 |   9 | 1058.7 |
       Dungeon |   9527 |   9279 |    248 |      0 |   7521 |   8 | 1190.9 |
        Temple |      1 |      1 |      0 |      0 |      0 |   1 |    1.0 |
               +--------+--------+--------+--------+--------+-----+--------+

Top non-repeatable levels by time:
     D:7: 2451 daAuts
     D:4: 1491 daAuts
     D:5: 1465 daAuts
     D:3: 1245 daAuts
     D:2: 828 daAuts
     D:1: 745 daAuts
     D:8: 651 daAuts
     D:6: 647 daAuts
  Temple: 1 daAuts
